FOD
NOBLESVILLE MILLERS @ GREENFIELD COUGARS
03/29/2053
 
TOP OF THE 1ST
Noblesville Millers batting - Pitching for Greenfield Cougars : RHP Tom Amara
Pitching: RHP Tom Amara
Batting: RHB Sergio Machado 0-0: Foul Ball, location: 2F
0-1: Called Strike
0-2: Ball
1-2: Foul Ball, location: 23F
1-2: Fly out, F7 (Flyball, 7D, EV 100.6 MPH)
Batting: RHB Quentin Craft 0-0: Called Strike
0-1: Ball
1-1: Called Strike
1-2: Fly out, F9 (Flyball, 89S, EV 84.4 MPH)
Batting: RHB José Cruz 0-0: Ball
1-0: Ball
2-0: Ball
3-0: Called Strike
3-1: Called Strike
3-2: Foul Ball, location: 9LMF
3-2: DOUBLE (Line Drive, 89M, EV 100.0 MPH)
Batting: RHB Tomás Pérez 0-0: Foul Ball, location: 9LSF
0-1: 2-RUN HOME RUN (Line Drive, 9D, EV 96.3 MPH), Distance : 356 ft
Batting: LHB Wilson Whitaker 0-0: Foul Ball, location: 9LMF
0-1: Ground out 4-3 (Groundball, 4, EV 93.1 MPH)
Top of the 1st over - 2 runs, 2 hits, 0 errors, 0 left on base; Noblesville 2 - Greenfield 0
BOTTOM OF THE 1ST
Greenfield Cougars batting - Pitching for Noblesville Millers : LHP Juan Gildard
Pitching: LHP Juan Gildard
Batting: RHB Jason Farr 0-0: Called Strike
0-1: DOUBLE (Line Drive, 9LM, EV 88.1 MPH)
Batting: RHB Bennett Taylor 0-0: Called Strike
0-1: Ball
1-1: Swinging Strike
1-2: Foul Ball, location: 23FF
1-2: Strikes out swinging
Batting: RHB Joaquín Solís 0-0: Called Strike
0-1: Ball
1-1: Foul Ball, location: 9LMF
1-2: Fly out, F8 (Line Drive, 8LD, EV 88.1 MPH)
Batting: RHB Eduardo Montaño 0-0: Ball
1-0: Ball
2-0: Foul Ball, location: 2F
2-1: Ball
3-1: Base on Balls
Batting: RHB Albert Ortíz 0-0: Ball
1-0: Ball
2-0: Swinging Strike
2-1: Ball
3-1: Base on Balls
Jason Farr to third
Eduardo Montaño to second
Batting: RHB Pat Green 0-0: Ball
1-0: Foul Ball, location: 9LMF
1-1: Swinging Strike
1-2: Ball
2-2: Strikes out swinging
Bottom of the 1st over - 0 runs, 1 hit, 0 errors, 3 left on base; Noblesville 2 - Greenfield 0
TOP OF THE 2ND
Noblesville Millers batting - Pitching for Greenfield Cougars : RHP Tom Amara
Batting: RHB Jorge Olvera 0-0: Ball
1-0: DOUBLE (Line Drive, 9LM, EV 104.4 MPH)
Batting: RHB Miguel Villa 0-0: Called Strike
0-1: Swinging Strike
0-2: Foul Ball, location: 2F
0-2: Reached on error, E4 (Groundball, 34, EV 88.1 MPH)
Jorge Olvera scores
Batting: RHB Mark Day 0-0: Ball
1-0: Ball
2-0: Ball
3-0: Base on Balls
Batting: LHB Juan Gildard 0-0: Bunted foul
0-1: Bunted foul
0-2: Sac Bunt by 3S - play at third, runner safe!
Mark Day to second
Batting: RHB Sergio Machado 0-0: Foul Ball, location: 25F
0-1: Called Strike
0-2: Ball
1-2: Ball
2-2: Strikes out swinging
Batting: RHB Quentin Craft 0-0: Called Strike
0-1: Swinging Strike
0-2: Ball
Wild Pitch!
Miguel Villa scores
Mark Day to third
Juan Gildard to second
1-2: Foul Ball, location: 5FF
1-2: Ball
2-2: Foul Ball, location: 7LSF
2-2: Ball
3-2: Ground out 4-3 (Groundball, 4, EV 108.8 MPH)
Mark Day scores
Juan Gildard to third
Batting: RHB José Cruz 0-0: Foul Ball, location: 7LSF
0-1: Swinging Strike
0-2: Ball
1-2: Ball
Wild Pitch!
Juan Gildard scores
2-2: Strikes out swinging
Top of the 2nd over - 4 runs, 1 hit, 1 error, 0 left on base; Noblesville 6 - Greenfield 0
BOTTOM OF THE 2ND
Greenfield Cougars batting - Pitching for Noblesville Millers : LHP Juan Gildard
Batting: RHB Tim Hewitson 0-0: Called Strike
0-1: Ball
1-1: Fly out, F2 (Popup, 3SF, EV 81.3 MPH)
Batting: RHB Manuel Reyes 0-0: Called Strike
0-1: Ball
1-1: Ball
2-1: Ball
3-1: Foul Ball, location: 2F
3-2: Foul Ball, location: 2F
3-2: Foul Ball, location: 3SF
3-2: Strikes out swinging
Batting: RHB Tom Amara 0-0: Ball
1-0: Swinging Strike
1-1: Ball
2-1: Called Strike
2-2: Ball
3-2: Strikes out swinging
Bottom of the 2nd over - 0 runs, 0 hits, 0 errors, 0 left on base; Noblesville 6 - Greenfield 0
TOP OF THE 3RD
Noblesville Millers batting - Pitching for Greenfield Cougars : RHP Tom Amara
Batting: RHB Tomás Pérez 0-0: Ball
1-0: Swinging Strike
1-1: Fly out, F8 (Line Drive, 8RM, EV 98.1 MPH)
Batting: LHB Wilson Whitaker 0-0: Called Strike
0-1: DOUBLE (Flyball, 9LD, EV 106.9 MPH)
Batting: RHB Jorge Olvera 0-0: Called Strike
0-1: Ball
1-1: Ball
2-1: Foul Ball, location: 2F
2-2: Fly out, F8 (Flyball, 89XD, EV 85.0 MPH)
Runner from 2nd tags up, SAFE at 3rd, no throw by CF
Batting: RHB Miguel Villa 0-0: Called Strike
0-1: Ball
1-1: SINGLE (Groundball, 4MD, EV 94.4 MPH)
Wilson Whitaker scores
Batting: RHB Mark Day 0-0: Ball
1-0: Ball
2-0: Called Strike
2-1: Fly out, F9 (Flyball, 9D, EV 93.8 MPH)
Top of the 3rd over - 1 run, 2 hits, 0 errors, 1 left on base; Noblesville 7 - Greenfield 0
BOTTOM OF THE 3RD
Greenfield Cougars batting - Pitching for Noblesville Millers : LHP Juan Gildard
Batting: RHB Jason Farr 0-0: Called Strike
0-1: Fly out, F9 (Flyball, 9S, EV 91.3 MPH)
Batting: RHB Bennett Taylor 0-0: Ball
1-0: Fly out, F7 (Flyball, 78S, EV 83.1 MPH)
Batting: RHB Joaquín Solís 0-0: Swinging Strike
0-1: SINGLE (Line Drive, 6MD, EV 106.9 MPH)
Batting: RHB Eduardo Montaño 0-0: Ball
1-0: Foul Ball, location: 5F
1-1: Foul Ball, location: 9LMF
1-2: SINGLE (Groundball, 4MD, EV 98.8 MPH)
Joaquín Solís to second
Batting: RHB Albert Ortíz 0-0: Ball
1-0: Swinging Strike
1-1: Swinging Strike
1-2: Strikes out swinging
Bottom of the 3rd over - 0 runs, 2 hits, 0 errors, 2 left on base; Noblesville 7 - Greenfield 0
TOP OF THE 4TH
Noblesville Millers batting - Pitching for Greenfield Cougars : RHP Tom Amara
Batting: LHB Juan Gildard 0-0: Called Strike
0-1: Swinging Strike
0-2: Strikes out swinging
Batting: RHB Sergio Machado 0-0: Ball
1-0: Called Strike
1-1: Ball
2-1: Foul Ball, location: 7LDF
2-2: Strikes out looking
Pinch Hitting: RHB Roy Drew 0-0: Ball
1-0: Foul Ball, location: 9LDF
1-1: SINGLE (Flyball, 34D, EV 95.0 MPH)
Pitching: LHP Máximo López
Batting: RHB José Cruz 0-0: Ball
1-0: Foul Ball, location: 25F
1-1: Foul Ball, location: 9LSF
1-2: Ball
2-2: Foul Ball, location: 23F
2-2: Foul Ball, location: 5F
2-2: Ball
3-2: Ground out 5-3 (Groundball, 5, EV 81.9 MPH)
Top of the 4th over - 0 runs, 1 hit, 0 errors, 1 left on base; Noblesville 7 - Greenfield 0
BOTTOM OF THE 4TH
Greenfield Cougars batting - Pitching for Noblesville Millers : LHP Juan Gildard
Pitching: RHP Dave Bane
Now at 1B: José Cruz
Now at 2B: Sergio Machado
Now at 3B: Roy Drew
Batting: RHB Pat Green 0-0: Ball
1-0: Ball
2-0: Fly out, F8 (Flyball, 8RM, EV 95.6 MPH)
Batting: RHB Tim Hewitson 0-0: Ball
1-0: Fly out, F5 (Popup, 5S, EV 65.6 MPH)
Batting: RHB Manuel Reyes 0-0: Called Strike
0-1: Ball
1-1: Ball
2-1: Foul Ball, location: 2F
2-2: Strikes out swinging
Bottom of the 4th over - 0 runs, 0 hits, 0 errors, 0 left on base; Noblesville 7 - Greenfield 0
TOP OF THE 5TH
Noblesville Millers batting - Pitching for Greenfield Cougars : LHP Máximo López
Now in LF: Jason Johnston
Pinch Hitting: LHB Danny Hicks 0-0: Ball
1-0: Foul Ball, location: 2F
1-1: Fly out, F4 (Popup, 4, EV 58.8 MPH)
Pinch Hitting: LHB Joe Simmons 0-0: Ground out 4-3 (Groundball, 4D, EV 108.1 MPH)
Batting: RHB Jorge Olvera 0-0: Called Strike
0-1: Ball
1-1: SINGLE (Groundball, 34, EV 110.0 MPH)
Batting: RHB Miguel Villa 0-0: Called Strike
0-1: Foul Ball, location: 9LDF
0-2: Ball
1-2: Fly out, F3 (Line Drive, 34, EV 68.1 MPH)
Top of the 5th over - 0 runs, 1 hit, 0 errors, 1 left on base; Noblesville 7 - Greenfield 0
BOTTOM OF THE 5TH
Greenfield Cougars batting - Pitching for Noblesville Millers : RHP Dave Bane
Now at 1B: Ronald Hall
Now in LF: Danny Hicks
Now in RF: Joe Simmons
Batting: RHB Máximo López 0-0: Called Strike
0-1: Foul Ball, location: 5F
0-2: Ball
1-2: Ball
2-2: SINGLE (Groundball, 4MD, EV 104.4 MPH)
Pinch Hitting: LHB Aymeric Rospigliosi 0-0: Ball
1-0: Ball
2-0: Called Strike
2-1: Ball
3-1: Fly out, F2 (Popup, 15S, EV 81.9 MPH)
Batting: RHB Bennett Taylor 0-0: Called Strike
0-1: Swinging Strike
0-2: Foul Ball, location: 2F
0-2: Foul Ball, location: 2F
0-2: Ball
1-2: Ball
2-2: Strikes out looking
Batting: RHB Joaquín Solís 0-0: Called Strike
0-1: Foul Ball, location: 2F
0-2: Ball
1-2: Fly out, F9 (Flyball, 9S, EV 81.3 MPH)
Bottom of the 5th over - 0 runs, 1 hit, 0 errors, 1 left on base; Noblesville 7 - Greenfield 0
TOP OF THE 6TH
Noblesville Millers batting - Pitching for Greenfield Cougars : LHP Máximo López
Now in CF: Aymeric Rospigliosi
Pinch Hitting: LHB Willie Peterson 0-0: Ball
1-0: Called Strike
1-1: Foul Ball, location: 2F
1-2: Strikes out looking
Batting: RHB Dave Bane 0-0: Swinging Strike
0-1: Ball
1-1: Swinging Strike
1-2: Ball
2-2: Foul Ball, location: 9LDF
2-2: Strikes out looking
Pinch Hitting: RHB Luis Hernández 0-0: Ball
1-0: Called Strike
1-1: Swinging Strike
1-2: Foul Ball, location: 9LMF
1-2: Ball
2-2: Strikes out swinging
Top of the 6th over - 0 runs, 0 hits, 0 errors, 0 left on base; Noblesville 7 - Greenfield 0
BOTTOM OF THE 6TH
Greenfield Cougars batting - Pitching for Noblesville Millers : RHP Dave Bane
Pitching: LHP Jesús Quintero
Now at 2B: Roy Drew
Now at 3B: Luis Hernández
Now in CF: Willie Peterson
Batting: RHB Eduardo Montaño 0-0: Foul Ball, location: 2F
0-1: Ball
1-1: Fly out, F8 (Line Drive, 78D, EV 86.9 MPH)
Pinch Hitting: LHB Roberto Palácios 0-0: Called Strike
0-1: DOUBLE (Line Drive, 9LM, EV 110.0 MPH)
Batting: RHB Jason Johnston 0-0: Called Strike
0-1: Swinging Strike
0-2: Ball
1-2: Strikes out swinging
Pinch Hitting: RHB Jorge Borunda 0-0: Called Strike
0-1: DOUBLE (Line Drive, 9LM, EV 101.3 MPH)
Roberto Palácios scores
Pinch Hitting: RHB Pancho Pianta 0-0: Ground out 5-3 (Groundball, 56, EV 83.8 MPH)
Bottom of the 6th over - 1 run, 2 hits, 0 errors, 1 left on base; Noblesville 7 - Greenfield 1
TOP OF THE 7TH
Noblesville Millers batting - Pitching for Greenfield Cougars : LHP Máximo López
Pitching: RHP Víctor Olvera
Now at 2B: Roberto Palácios
Now at SS: Jorge Borunda
Now in RF: Pancho Pianta
Batting: RHB Roy Drew 0-0: Fly out, F3 (Popup, 3F, EV 60.6 MPH)
Batting: RHB Ronald Hall 0-0: Ball
1-0: Foul Ball, location: 2F
1-1: Foul Ball, location: 2F
1-2: Strikes out swinging, 2-3 out at first.
Batting: LHB Danny Hicks 0-0: Ball
1-0: Foul Ball, location: 3F
1-1: Foul Ball, location: 2F
1-2: Strikes out swinging
Top of the 7th over - 0 runs, 0 hits, 0 errors, 0 left on base; Noblesville 7 - Greenfield 1
BOTTOM OF THE 7TH
Greenfield Cougars batting - Pitching for Noblesville Millers : LHP Jesús Quintero
Now at C: Tim Garrett
Pinch Hitting: SHB Iván Ramos 0-0: Ball
1-0: Ball
2-0: Swinging Strike
2-1: SINGLE (Groundball, 56, EV 107.5 MPH) (infield hit)
Batting: LHB Aymeric Rospigliosi 0-0: Ball
1-0: Ball
2-0: Foul Ball, location: 3F
2-1: Ball
3-1: Fielders Choice at 2nd, 4-6 (Groundball, 4MD, EV 96.3 MPH)
Batting: RHB Bennett Taylor 0-0: SINGLE (Flyball, 34D, EV 88.8 MPH)
Aymeric Rospigliosi to second
Runner from 2nd tries for 3rd, SAFE, throw by RF made to third
Batting: RHB Joaquín Solís 0-0: Called Strike
0-1: Ball
1-1: Ball
2-1: Ball
3-1: SINGLE (Line Drive, 78S, EV 105.0 MPH)
Aymeric Rospigliosi scores
Bennett Taylor to second
Runner from 2nd tries for 3rd, SAFE, no throw by LF
Batting: RHB Eduardo Montaño 0-0: Ball
1-0: SINGLE (Groundball, 56S, EV 87.5 MPH)
Bennett Taylor scores
Joaquín Solís to second
Pitching: LHP Forrest Marshall
Batting: LHB Roberto Palácios 0-0: Ball
1-0: Called Strike
1-1: Ball
2-1: Fly out, F8 (Flyball, 8RXD, EV 111.9 MPH)
Runner from 2nd tags up, SAFE at 3rd, no throw by CF
Batting: RHB Jason Johnston 0-0: Ball
1-0: Called Strike
1-1: Ball
2-1: Ball
3-1: Foul Ball, location: 2F
3-2: Base on Balls
Eduardo Montaño to second
Batting: RHB Jorge Borunda 0-0: Called Strike
0-1: Foul Ball, location: 25FF
0-2: Ball
1-2: Ball
2-2: Foul Ball, location: 2F
2-2: Ball
3-2: Foul Ball, location: 9LSF
3-2: Fly out, F9 (Flyball, 89S, EV 95.0 MPH)
Bottom of the 7th over - 2 runs, 4 hits, 0 errors, 3 left on base; Noblesville 7 - Greenfield 3
TOP OF THE 8TH
Noblesville Millers batting - Pitching for Greenfield Cougars : RHP Víctor Olvera
Pitching: RHP Rafael Adame
Batting: LHB Joe Simmons 0-0: Foul Ball, location: 7LMF
0-1: Foul Ball, location: 2F
0-2: Ball
1-2: Ball
2-2: Ball
3-2: SINGLE (Groundball, 4D, EV 100.0 MPH)
Batting: RHB Jorge Olvera 0-0: Foul Ball, location: 9LSF
0-1: Fly out, F8 (Flyball, 8RD, EV 85.6 MPH)
Batting: RHB Tim Garrett 0-0: Foul Ball, location: 9LDF
0-1: Called Strike
0-2: Strikes out swinging
Batting: LHB Willie Peterson 0-0: Called Strike
Joe Simmons steals 2nd base
0-1: SINGLE (Groundball, 6MD, EV 96.9 MPH)
Joe Simmons to third
Runner from 3rd tries for Home, SAFE, throw by CF to home
Willie Peterson to second
Pinch Hitting: LHB Winston Gan 0-0: Ball
Willie Peterson steals 3rd base
1-0: Foul Ball, location: 23F
1-1: Ball
2-1: Fly out, F8 (Line Drive, 8LD, EV 98.1 MPH)
Top of the 8th over - 1 run, 2 hits, 0 errors, 1 left on base; Noblesville 8 - Greenfield 3
BOTTOM OF THE 8TH
Greenfield Cougars batting - Pitching for Noblesville Millers : LHP Forrest Marshall
Pitching: RHP Arturo Sánchez
Batting: RHB Pancho Pianta 0-0: Called Strike
0-1: Hit by Pitch
Pinch Hitting: RHB Pedro Parra 0-0: DOUBLE (Line Drive, 9LM, EV 108.8 MPH)
Pancho Pianta to third
Batting: LHB Aymeric Rospigliosi 0-0: Ball
1-0: Foul Ball, location: 5SF
1-1: Ball
2-1: SINGLE (Line Drive, 9LS, EV 90.6 MPH)
Pancho Pianta scores
Pedro Parra to third
Batting: RHB Bennett Taylor 0-0: Fly out, F3 (Popup, 34S, EV 78.1 MPH)
Batting: RHB Joaquín Solís 0-0: Ball
1-0: Swinging Strike
1-1: Ball
2-1: Foul Ball, location: 5F
2-2: Hit by Pitch
Aymeric Rospigliosi to second
Pinch Runner at 1st Ricardo Altagracia:
Batting: RHB Eduardo Montaño 0-0: Ball
1-0: GRAND SLAM HOME RUN (Flyball, 9D, EV 93.8 MPH), Distance : 352 ft
Pitching: RHP Ken Major
Batting: LHB Roberto Palácios 0-0: Ball
1-0: Called Strike
1-1: Ball
2-1: Ground out U3 (Groundball, 3S, EV 81.9 MPH)
Batting: RHB Jason Johnston 0-0: Ground out 5-3 (Groundball, 56, EV 86.3 MPH)
Bottom of the 8th over - 5 runs, 3 hits, 0 errors, 0 left on base; Noblesville 8 - Greenfield 8
TOP OF THE 9TH
Noblesville Millers batting - Pitching for Greenfield Cougars : RHP Rafael Adame
Pitching: RHP Ric Brooks
Now at 3B: Pedro Parra
Batting: RHB Luis Hernández 0-0: Called Strike
0-1: Ball
1-1: Foul Ball, location: 9LDF
1-2: Strikes out looking
Batting: RHB Roy Drew 0-0: Called Strike
0-1: Called Strike
0-2: Foul Ball, location: 7LMF
0-2: Strikes out swinging
Pinch Hitting: LHB Bryan Pritchard 0-0: Called Strike
0-1: Ball
1-1: Swinging Strike
1-2: Foul Ball, location: 3FF
1-2: Fly out, F9 (Flyball, 9S, EV 77.5 MPH)
Top of the 9th over - 0 runs, 0 hits, 0 errors, 0 left on base; Noblesville 8 - Greenfield 8
BOTTOM OF THE 9TH
Greenfield Cougars batting - Pitching for Noblesville Millers : RHP Ken Major
Pitching: RHP Javier Arguelles
Now at 1B: Pancho Rodríguez
Batting: RHB Jorge Borunda 0-0: Ball
1-0: Ball
2-0: Foul Ball, location: 2F
2-1: Foul Ball, location: 5F
2-2: Ball
3-2: SOLO HOME RUN (Flyball, 78XD, EV 105.0 MPH), Distance : 409 ft
Bottom of the 9th over - 1 run, 1 hit, 0 errors, 0 left on base; Noblesville 8 - Greenfield 9
Monday, October 23rd , 2023 - OOTP Baseball 24.10 Build 82